 Dungeon Crawl Stone Soup version 0.31-a0-210-gccc998df9b (webtiles) character file.

Game seed: 14578816723454263821

214 qw the Shooter (level 5, -1/30 HPs)
             Began as a Gargoyle Hexslinger on June 29, 2023.
             Constricted to death by Ijyb (3 damage)
             ... on level 4 of the Dungeon.
             The game lasted 00:01:04 (2518 turns).

qw the Shooter (Gargoyle Hexslinger)                Turns: 2518, Time: 00:01:05

Health: -1/30      AC:  9    Str: 12    XL:     5   Next: 92%
Magic:  6/6        EV:  7    Int: 13    God:
Gold:   250        SH:  0    Dex: 14    Spells: 5/6 levels left

rFire   . . .        b - +2 sling (freeze)
rCold   . . .        (no shield)
rNeg    + . .        e - +0 ring mail
rPois   inf          (no helmet)
rElec   +            (no cloak)
rCorr   .            (no gloves)
SInv    .            (no boots)
Will    .....        (no amulet)
Stlth   +            (no ring)
HPRegen 0.25/turn    (no ring)
MPRegen 0.10/turn

%: no passive effects
@: grasped by roots, constricted
A: sickness immunity, AC +4, negative energy resistance 1, electricity
resistance, torment resistance 1, petrification resistance
a: no special abilities


You were on level 4 of the Dungeon.
You visited 1 branch of the dungeon, and saw 4 of its levels.

You collected 250 gold pieces.


Innate Abilities, Weirdness & Mutations

You are immune to sickness and miasma.
Your stone body is resilient. (AC +4)
You are immune to poison.
You resist negative energy. (rN+)
You are resistant to electric shocks. (rElec)
You are resistant to unholy torment.
You are immune to petrification.


   Skills:
 + Level 2.0 Fighting
 - Level 5.5 Ranged Weapons
 - Level 1.0 Armour
 - Level 1.5 Dodging
 - Level 1.0 Spellcasting
 - Level 2.6 Hexes


You had 5 spell levels left.
You knew the following spells:

 Your Spells              Type           Power      Damage    Failure   Level
a - Slow                  Hex            28%        N/A       22%         1

Your spell library contained the following spells:

 Spells                   Type           Power      Damage    Failure   Level
 Inner Flame              Hex/Fire       4%         N/A       73%         3
 Portal Projectile        Hex/Tloc       8%         N/A       73%         3
 Cause Fear               Hex            3%         N/A       91%         4

Inventory:

Hand Weapons
 b - a +2 sling of freezing (weapon)
Armour
 e - a +0 ring mail (worn)
Scrolls
 f - a scroll of identify
Potions
 d - a potion of resistance {unknown}
 g - a potion of enlightenment

Dungeon Overview and Level Annotations

Branches:
Dungeon (4/15)
 Temple: D:4-7

Altars:
Ru

Annotations:
D:4 Ijyb


Message History

The hobgoblin hits you but does no damage.
Ijyb zaps a wand.
The roots erupt in riotous growth!
The grasping roots grab you!
The hobgoblin is unaffected.
The grasping roots constrict you.
You shoot a sling bullet. The sling bullet hits the hobgoblin.
The sling bullet freezes the hobgoblin.
You kill the hobgoblin!
The grasping roots constrict you. x2
You shoot a sling bullet. The sling bullet barely misses Ijyb.
The grasping roots constrict you.
The grasping roots release their grip on you.
You shoot a sling bullet. The sling bullet closely misses Ijyb.
You shoot a sling bullet. The sling bullet barely misses Ijyb.
Ijyb hits you with a +0 dagger.
An endoplasm comes into view.
Ijyb zaps a wand.
The roots erupt in riotous growth!
The grasping roots grab you!
Ijyb is unaffected.
The grasping roots constrict you.
You shoot a sling bullet.
The sling bullet hits Ijyb but does no damage.
Ijyb hits you but does no damage. The grasping roots constrict you.
You shoot a sling bullet.
The sling bullet hits Ijyb but does no damage.
Ijyb barely misses you. The grasping roots constrict you.
The grasping roots release their grip on you.
You shoot a sling bullet. The sling bullet hits Ijyb.
The sling bullet freezes Ijyb.
Ijyb is lightly wounded.
Ijyb hits you with a +0 dagger.
You shoot a sling bullet.
The sling bullet hits Ijyb but does no damage.
Ijyb is lightly wounded.
Ijyb zaps a wand.
The roots erupt in riotous growth!
The grasping roots grab you!
Ijyb is unaffected.
The grasping roots constrict you. Ijyb hits you but does no damage.
The grasping roots constrict you.
You shoot a sling bullet.
The sling bullet completely misses Ijyb.
Ijyb hits you but does no damage. The grasping roots constrict you.
You die...

. .... #.#.###...#...#...#...#..
#.##%####.##.#.#.##..###..#...#..
#.........###.##.#..#...#..###..#
####.###### ####.#..#...#...#...#
#.# #.#.##...#...#.)## ###.#
####.##..###.###..#.. ##.#.#
#.....#...........#.. #.$).###
####.#.|.#..###.###..#..
...$).........^.@..##...#...#..##
%....########.#..gJ.#...#.%.#...#
.#.#.## #.......#...#..###..#
......# #..##.#..###..#...#..
.....## #.. .#...#...#...#..
......# #.. .#...#..##...#..
>....## ##. ##.##..#..###.##
......# #.....#........ .....##
#.####.##..#...##.##


You could see Ijyb and an endoplasm.

Vanquished Creatures
  A phantom (D:4)
  A howler monkey (D:4)
  A gnoll (D:4)
  3 adders
  2 worms
  An orc (D:4)
  5 endoplasms
  5 giant cockroaches
  3 goblins
  9 hobgoblins
  3 jackals (D:3)
  9 kobolds
  A quokka (D:4)
  7 ball pythons
  A bat (D:1)
  4 frilled lizards
  2 rats (D:1)
58 creatures vanquished.

Notes
Turn   | Place    | Note
-------+----------+-------------------------------------------
     0 | D:1      | qw the Gargoyle Hexslinger began the quest for the Orb.
     0 | D:1      | Reached XP level 1. HP: 12/12 MP: 2/2
     0 | D:1      | 0 ||| qw: Version: 0.3-a-24-ga2abf7b
     0 | D:1      | 0 ||| qw: Game counter: 6885
     0 | D:1      | 0 ||| qw: Melee chars always use a shield: true
     0 | D:1      | 0 ||| qw: God list: Okawaru
     0 | D:1      | 0 ||| qw: Allow faded altars: false
     0 | D:1      | 0 ||| qw: Do Orc after clearing Dungeon:15 true
     0 | D:1      | 0 ||| qw: Do second Lair branch before Depths: true
     0 | D:1      | 0 ||| qw: Lair rune preference: random
     0 | D:1      | 0 ||| qw: Goals: Normal
     0 | D:1      | 0 ||| PLANNING D:1-11
   218 | D:1      | Reached XP level 2. HP: 16/16 MP: 3/3
   300 | D:1      | Reached skill level 3 in Ranged Weapons
   766 | D:1      | Reached XP level 3. HP: 21/21 MP: 4/4
   887 | D:1      | 887 ||| UPGRADING to +0 ring mail.
   897 | D:1      | 897 ||| DROPPING +0 robe.
   898 | D:1      | 898 ||| READING scroll labelled GAMITRI NAXZU.
   999 | D:1      | 999 ||| DRINKING 2 brown potions.
  1000 | D:1      | 1000 ||| DROPPING scroll of poison.
  1001 | D:1      | 1001 ||| DROPPING potion of magic.
  1035 | D:2      | Found a sacrificial altar of Ru.
  1269 | D:2      | 1269 ||| STAIRDANCE
  1282 | D:1      | 1282 ||| READING scroll labelled QIRUEVA TYWIRO.
  1283 | D:1      | 1283 ||| READING scroll labelled QUUNGIBRICK.
  1360 | D:2      | 1360 ||| Stepping ~*~*~tactically~*~*~ (water).
  1373 | D:2      | Reached XP level 4. HP: 25/26 MP: 5/5
  1424 | D:2      | Reached skill level 4 in Ranged Weapons
  1622 | D:2      | 1622 ||| READING scroll labelled MUCUCU QUTAUS.
  1643 | D:2      | 1643 ||| READING scroll labelled ASOISCH HOUWOBB.
  1644 | D:2      | 1644 ||| DRINKING 2 cyan potions.
  1801 | D:3      | Reached skill level 1 in Armour
  2166 | D:3      | 2166 ||| SWAPPING to +2 sling of freezing.
  2167 | D:3      | 2167 ||| DROPPING +1 sling.
  2279 | D:3      | 2279 ||| DRINKING 2 bubbling amethyst potions.
  2280 | D:3      | 2280 ||| READING 2 scrolls of identify.
  2280 | D:3      | 2280 ||| IDENTIFYING murky red potion
  2281 | D:3      | 2281 ||| DROPPING potion of attraction.
  2282 | D:3      | 2282 ||| DROPPING potion of berserk rage.
  2436 | D:4      | Reached XP level 5. HP: 30/30 MP: 6/6
  2443 | D:4      | Noticed a phantom
  2465 | D:4      | Killed a phantom
  2466 | D:4      | Reached skill level 5 in Ranged Weapons
  2480 | D:4      | 2480 ||| FLEEEEING.
  2481 | D:4      | 2481 ||| FLEEEEING.
  2482 | D:4      | 2482 ||| FLEEEEING.
  2483 | D:4      | 2483 ||| FLEEEEING.
  2484 | D:4      | 2484 ||| FLEEEEING.
  2485 | D:4      | 2485 ||| FLEEEEING.
  2486 | D:4      | 2486 ||| FLEEEEING.
  2487 | D:4      | 2487 ||| FLEEEEING.
  2488 | D:4      | 2488 ||| FLEEEEING.
  2489 | D:4      | 2489 ||| FLEEEEING.
  2490 | D:4      | 2490 ||| FLEEEEING.
  2491 | D:4      | 2491 ||| FLEEEEING.
  2492 | D:4      | 2492 ||| FLEEEEING.
  2493 | D:4      | 2493 ||| FLEEEEING.
  2494 | D:4      | 2494 ||| FLEEEEING.
  2495 | D:4      | 2495 ||| FLEEEEING.
  2496 | D:4      | 2496 ||| FLEEEEING.
  2497 | D:4      | 2497 ||| FLEEEEING.
  2499 | D:4      | 2499 ||| FLEEEEING.
  2500 | D:4      | 2500 ||| FLEEEEING.
  2501 | D:4      | 2501 ||| FLEEEEING.
  2502 | D:4      | 2502 ||| FLEEEEING.
  2503 | D:4      | 2503 ||| FLEEEEING.
  2504 | D:4      | 2504 ||| FLEEEEING.
  2505 | D:4      | 2505 ||| FLEEEEING.
  2506 | D:4      | 2506 ||| FLEEEEING.
  2507 | D:4      | 2507 ||| FLEEEEING.
  2507 | D:4      | Noticed Ijyb
  2517 | D:4      | HP: 2/30 [constriction (6)]
  2518 | D:4      | Constricted to death by Ijyb

Levels and vault maps discovered:
D:1:      scummos_arrival_forest, layout_loops_corners
D:2:      layout_rooms, basic_altar, chequers_serial_rivers_large_a,
          serial_bayou_crossing
D:3:      layout_basic, minivault_19, uniq_crazy_yiuf_cottage
D:4:      layout_loops_corners, makhleb_blood_cavern_becter,
          nicolae_sif_muna_little_library, st_stairs_4, nicolae_titane,
          uniq_ijyb

Skill      XL: |  1  2  3  4  5 |
---------------+----------------+-----
Ranged Weapons | 3 4 5 |  5.5
Fighting       | 2 |  2.0
Armour         | 1 |  1.0
Dodging        | |  1.5
Spellcasting   | |  1.0
Hexes          | |  2.6

Action                     |  1- 3 |  4- 6 || total
---------------------------+-------+-------++-------
   Fire: Sling             |   138 |   115 ||   253
    Use: Scroll            |     3 |     3 ||     6
         Potion            |     1 |     2 ||     3
 Armour: Robe              |    15 |       ||    15
         Ring mail         |    21 |    35 ||    56
  Dodge: Dodged            |    54 |    43 ||    97

Table legend:
 A = Non-vault XP
 B = Vault XP
 C = Vault XP percentage of total XP
 D = Non-vault monster count
 E = Vault monster count
 F = Vault count percentage of total count
                 A         B        C        D         E       F
            +---------+---------+-------+---------+---------+-------
      Total |     290 |      17 |   5.5 |      56 |       2 |   3.4
            +---------+---------+-------+---------+---------+-------
        D:1 |      51 |       0 |   0.0 |      24 |       0 |   0.0
        D:2 |      45 |       0 |   0.0 |      10 |       0 |   0.0
        D:3 |      23 |       0 |   0.0 |      13 |       0 |   0.0
        D:4 |     171 |      17 |   9.0 |       9 |       2 |  18.2
            +---------+---------+-------+---------+---------+-------
